 Dungeon Crawl Stone Soup version 0.31-a0-1074-g0b22e4e0f1 (console) character file.

Game seed: 1097531439356502123

47067 jejorda2 the Cleaver (level 14, -7/169 HPs)
             Began as a Gnoll Berserker on Dec 6, 2023.
             Was an Elder of Trog.
             Killed from afar by a shock serpent (9 damage)
             ... with an electric aura
             ... on level 5 of the Lair of Beasts on Dec 7, 2023.
             The game lasted 00:38:43 (17210 turns).

jejorda2 the Cleaver (Gnoll Berserker)             Turns: 17210, Time: 00:38:44

Health: -7/169     AC: 24    Str: 22    XL:     14   Next: 40%
Magic:  27/27      EV: 12    Int:  6    God:    Trog [****..]
Gold:   1196       SH:  0    Dex: 12    Spells: 31/31 levels left

rFire   . . .        a - +3 battleaxe (freeze)
rCold   + . .        (shield currently unavailable)
rNeg    . . .        l - +2 chain mail {Will+}
rPois   +            N - +2 helmet
rElec   .            e - +2 cloak
rCorr   .            (no gloves)
SInv    .            r - +2 pair of boots
Will    ++...        c - amulet of the acrobat Stlth
                     f - ring of poison resistance
HPRegen 0.48/turn    H - ring of protection from cold
MPRegen 0.20/turn

%: acrobat
@: berserking (expiring), lethally poisoned (-7 -> -10), slowed, studying Axes
A: fangs 1, strong nose, distributed training
a: Renounce Religion, Berserk, Trog's Hand, Brothers in Arms


You were on level 5 of the Lair of Beasts.
You worshipped Trog.
Trog was greatly pleased with you.
You visited 2 branches of the dungeon, and saw 14 of its levels.
You also visited: Volcano.

You collected 1364 gold pieces.
You spent 168 gold pieces at shops.

Inventory:

Hand Weapons
 a - a +3 battleaxe of freezing (weapon)
 b - a +2 great sword of flaming
 u - a +5 battleaxe
Missiles
 i - 11 poisoned darts (quivered)
 s - 10 boomerangs
 z - a curare-tipped dart
Armour
 e - a +2 cloak (worn)
 l - a +2 chain mail of willpower (worn)
 r - a +2 pair of boots (worn)
 N - a +2 helmet (worn)
Jewellery
 c - an amulet of the acrobat (around neck)
 f - a ring of poison resistance (left hand)
 H - a ring of protection from cold (right hand)
 I - the ring "Geuproal" {rElec rF+ Str+6 Int+5 Dex-3}
   (You found it on level 2 of the Lair of Beasts)

   [ring of strength]

   Str+6:     It affects your strength (+6).
   Int+5:     It affects your intelligence (+5).
   Dex-3:     It affects your dexterity (-3).
   rF+:       It protects you from fire.
   rElec:     It insulates you from electricity.
 L - a ring of flight
Wands
 j - a wand of mindburst (6)
 o - a wand of flame (22)
 v - a wand of light (19)
 y - a wand of iceblast (4)
 E - a wand of charming (18)
 G - a wand of digging (7)
 M - a wand of polymorph (5)
Scrolls
 k - 4 scrolls of enchant armour
 m - 4 scrolls of identify
 p - a scroll of vulnerability
 q - 3 scrolls of teleportation
 t - a scroll of summoning
 B - 3 scrolls of fog
 J - 2 scrolls of enchant weapon
 K - a scroll of poison
Potions
 d - a potion of attraction
 g - 3 potions of lignification
 h - a potion of resistance
 n - 2 potions of ambrosia
 w - 2 potions of might
 x - a potion of enlightenment
 A - 6 potions of curing
 C - a potion of cancellation
 D - a potion of mutation
 F - a potion of heal wounds


   Skills:
 + Level 11.4 Fighting
 + Level 9.3 Short Blades
 + Level 9.3 Long Blades
 + Level 12.7 Axes
 + Level 9.3 Maces & Flails
 + Level 9.3 Polearms
 + Level 9.3 Staves
 + Level 9.3 Ranged Weapons
 + Level 9.3 Throwing
 + Level 10.4 Armour
 + Level 10.4 Dodging
 + Level 9.3 Stealth
 + Level 9.3 Shields
 + Level 9.3 Unarmed Combat
 + Level 9.3 Spellcasting
 + Level 7.8 Conjurations
 + Level 7.8 Hexes
 + Level 7.8 Summonings
 + Level 7.8 Necromancy
 + Level 7.8 Translocations
 + Level 7.8 Transmutations
 + Level 7.8 Fire Magic
 + Level 7.8 Ice Magic
 + Level 7.8 Air Magic
 + Level 7.8 Earth Magic
 + Level 7.8 Poison Magic
 + Level 10.2 Invocations
 + Level 9.3 Evocations
 + Level 8.5 Shapeshifting


You had 31 spell levels left.
You didn't know any spells.
Your spell library was empty.

Dungeon Overview and Level Annotations

Branches:
Dungeon (9/15)             Temple (0/1) D:6            Lair (5/5) D:9
 Shoals (0/4) Lair:2       Spider (0/4) Lair:2          Orc (0/2) D:9
Volcano (visited)
  Slime: Lair:4-5

Altars:
Cheibriados
Elyvilon
Kikubaaqudgha
Makhleb
Nemelex Xobeh
Qazlal
Ru
Trog
Uskayaw
Zin
The Shining One

Shops:
D:9 !


Innate Abilities, Weirdness & Mutations

You have very sharp teeth.
Your uncanny sense of smell can sniff out nearby items.
Your experience applies equally to all skills.


Message History

The shock serpent shocks you!
* * * LOW HITPOINT WARNING * * *
Unknown command.
You barely miss the shock serpent.
The shock serpent is lightly wounded.
You feel very sick. The shock serpent barely misses you.
Unknown command.
You closely miss the shock serpent.
The shock serpent is lightly wounded.
You feel very sick. The shock serpent bites you.
* * * LOW HITPOINT WARNING * * *
The shock serpent shocks you!
* * * LOW HITPOINT WARNING * * *
The shock serpent barely misses you.
You slash the shock serpent!
The shock serpent seems to slow down.
You freeze the shock serpent. You bite the shock serpent!
The shock serpent is heavily wounded.
The shock serpent's electric aura discharges, shocking you!
* * * LOW HITPOINT WARNING * * *
x2 You feel very sick.
The shock serpent barely misses you.
You miss the shock serpent.
The shock serpent is heavily wounded.
* * * LOW HITPOINT WARNING * * *
You feel very sick.
The shock serpent bites you but does no damage.
You closely miss the shock serpent.
The shock serpent is heavily wounded.
* * * LOW HITPOINT WARNING * * *
You feel sick.
The shock serpent is no longer moving slowly.
The shock serpent closely misses you.
You slice the shock serpent like a ripe choko!!!
The shock serpent seems to slow down.
You freeze the shock serpent!
You kill the shock serpent!
Trog accepts your kill.
The air sparks with electricity, shocking you!
You die...

~~~~.....$...###.#
~.~..............#
.......P..........∆
.†................
†.†.........P.#..##
††.........#####..#
...........#...#..##
......#......<.#...## .
.....#...÷.k..(#@...#..
#.####..°°.####†........
.......○.######.......##
..♣....##l....#..(.#.##
.......#..........#.##
...♣.#............##
.......Y..h.......P#
...#.Y.........# .
#.Y........##


There were no monsters in sight!

Vanquished Creatures
  A fire dragon (Volcano)
  A catoblepas (Lair:4)
  2 hydras (Lair:5)
  6 death yaks
  A shock serpent (shapeshifter) (Lair:5)
  3 skysharks
  4 lindwurms (Volcano)
  An ugly thing (D:9)
  10 elephants
  2 black mambas (Lair:4)
  3 smoke demons
  A torpor snail (Lair:1)
  14 cane toads
  9 rime drakes
  A large abomination (Lair:5)
  12 komodo dragons
  7 polar bears
  A troll (D:7)
  Grinder (D:3)
  14 blink frogs
  7 dream sheep
  2 ynoxinuls (D:9)
  Sigmund (D:2)
  41 yaks
  An unseen horror simulacrum (D:9)
  2 basilisks
  8 steam dragons
  2 hell hounds (Volcano)
  8 water moccasins
  3 black bears
  5 orc warriors
  4 ice beasts (D:9)
  A sky beast (D:7)
  An ogre (D:7)
  25 wolves
  4 centaurs
  2 kobold brigands (D:8)
  2 phantoms
  Blork the orc (D:5)
  15 bullfrogs
  3 small abominations
  5 wights (D:8)
  5 scorpions
  2 vampire bats (D:7)
  5 electric eels
  2 howler monkeys
  A centaur zombie (D:5)
  8 hounds
  A centaur skeleton (D:5)
  4 jellies
  7 orc priests
  4 sleepcaps
  A gnoll bouda (D:7)
  Ijyb (D:3)
  4 iguanas
  13 orc wizards
  7 gnolls
  9 adders
  A shadow imp (D:7)
  2 white imps
  7 ufetubi (D:9)
  3 dart slugs
  42 orcs
  6 bat skeletons (D:7)
  A bat zombie (D:7)
  5 endoplasms
  3 giant cockroaches
  4 goblins
  3 hobgoblins
  11 jackals
  2 quokkas
  2 ball pythons
  5 bats
  2 frilled lizards
  11 kobolds
  8 rats
429 creatures vanquished.

Vanquished Creatures (collateral kills)
  Maurice (D:7)
1 creature vanquished.

Grand Total: 430 creatures vanquished

Notes
Turn   | Place    | Note
-------+----------+-------------------------------------------
     0 | D:1      | jejorda2 the Gnoll Berserker began the quest for the Orb.
     0 | D:1      | Reached XP level 1. HP: 23/23 MP: 1/1
   229 | D:1      | Reached XP level 2. HP: 29/29 MP: 2/2
   937 | D:2      | Reached XP level 3. HP: 34/35 MP: 2/4
   977 | D:2      | Found a glowing golden altar of the Shining One.
  1071 | D:2      | Reached skill level 1 in Invocations
  1094 | D:2      | Noticed Sigmund
  1102 | D:2      | Killed Sigmund
  1103 | D:2      | Reached skill level 1 in Short Blades
  1103 | D:2      | Reached skill level 1 in Long Blades
  1103 | D:2      | Reached skill level 1 in Maces & Flails
  1103 | D:2      | Reached skill level 1 in Polearms
  1103 | D:2      | Reached skill level 1 in Staves
  1103 | D:2      | Reached skill level 1 in Ranged Weapons
  1103 | D:2      | Reached skill level 1 in Throwing
  1103 | D:2      | Reached skill level 1 in Stealth
  1103 | D:2      | Reached skill level 1 in Shields
  1103 | D:2      | Reached skill level 1 in Unarmed Combat
  1103 | D:2      | Reached skill level 1 in Spellcasting
  1103 | D:2      | Reached skill level 1 in Conjurations
  1103 | D:2      | Reached skill level 1 in Hexes
  1103 | D:2      | Reached skill level 1 in Summonings
  1103 | D:2      | Reached skill level 1 in Necromancy
  1103 | D:2      | Reached skill level 1 in Translocations
  1103 | D:2      | Reached skill level 1 in Transmutations
  1103 | D:2      | Reached skill level 1 in Fire Magic
  1103 | D:2      | Reached skill level 1 in Ice Magic
  1103 | D:2      | Reached skill level 1 in Air Magic
  1103 | D:2      | Reached skill level 1 in Earth Magic
  1103 | D:2      | Reached skill level 1 in Poison Magic
  1103 | D:2      | Reached skill level 1 in Evocations
  1103 | D:2      | Reached skill level 1 in Shapeshifting
  1103 | D:2      | Reached XP level 4. HP: 41/41 MP: 4/6
  1103 | D:2      | Reached XP level 5. HP: 47/47 MP: 4/7
  1589 | D:3      | Noticed Grinder
  1607 | D:3      | Killed Grinder
  1608 | D:3      | Reached skill level 5 in Armour
  1608 | D:3      | Reached skill level 5 in Dodging
  1608 | D:3      | Reached XP level 6. HP: 53/53 MP: 7/9
  1701 | D:3      | Noticed Ijyb
  1742 | D:3      | Killed Ijyb
  1919 | D:3      | Found a sparkling altar of Nemelex Xobeh.
  2343 | D:4      | Reached XP level 7. HP: 59/59 MP: 10/10
  2359 | D:4      | Reached ** piety under Trog
  2370 | D:4      | Reached skill level 7 in Axes
  2557 | D:4      | Found a hide-covered altar of Uskayaw.
  2600 | D:4      | Identified the +2 ring mail of Myesyebb {rElec rF- Regen+
                  | Int+3}
  3100 | D:5      | Entered Level 5 of the Dungeon
  3236 | D:5      | Reached XP level 8. HP: 42/67 MP: 12/12
  3529 | D:5      | Reached *** piety under Trog
  3544 | D:5      | You fall into a shaft and drop 1 floor!
  3549 | D:6      | Found a staircase to the Ecumenical Temple.
  3756 | D:6      | Found a glowing silver altar of Zin.
  3961 | D:6      | Found a snail-covered altar of Cheibriados.
  4054 | D:6      | Noticed a cacodemon
  4055 | D:6      | Found a burning altar of Makhleb.
  4058 | D:6      | Found a glowing silver altar of Zin.
  4058 | D:6      | Noticed an angel
  4481 | D:5      | Noticed Blork the orc
  4494 | D:5      | Reached XP level 9. HP: 73/73 MP: 14/14
  4498 | D:5      | Killed Blork the orc
  4821 | D:7      | Noticed a troll
  4825 | D:7      | Killed a troll
  4826 | D:7      | Reached skill level 8 in Axes
  5006 | D:7      | Reached skill level 5 in Invocations
  5341 | D:7      | Noticed Maurice
  5355 | D:7      | Something stole a +1 quarterstaff of draining
  5361 | D:7      | Something stole 13 poisoned darts
  5363 | D:7      | Something stole 445 gold
  5426 | D:7      | Killed Maurice
  5427 | D:7      | Reached XP level 10. HP: 25/80 MP: 2/17
  5576 | D:7      | Reached skill level 5 in Short Blades
  5576 | D:7      | Reached skill level 5 in Long Blades
  5576 | D:7      | Reached skill level 5 in Maces & Flails
  5576 | D:7      | Reached skill level 5 in Polearms
  5576 | D:7      | Reached skill level 5 in Staves
  5576 | D:7      | Reached skill level 5 in Ranged Weapons
  5576 | D:7      | Reached skill level 5 in Throwing
  5576 | D:7      | Reached skill level 5 in Stealth
  5576 | D:7      | Reached skill level 5 in Shields
  5576 | D:7      | Reached skill level 5 in Unarmed Combat
  5576 | D:7      | Reached skill level 5 in Spellcasting
  5576 | D:7      | Reached skill level 5 in Evocations
  5714 | D:7      | Found an ancient bone altar of Kikubaaqudgha.
  6122 | D:8      | Found a large runed translucent door.
  6122 | D:8      | Found a large runed translucent door.
  6179 | D:8      | Found a stormy altar of Qazlal.
  6803 | D:8      | Reached **** piety under Trog
  7359 | D:8      | Found a white marble altar of Elyvilon.
  7371 | D:8      | Found a bloodstained altar of Trog.
  7459 | D:9      | Reached skill level 5 in Shapeshifting
  7709 | D:9      | HP: 3/123 [polar bear (16)]
  8115 | D:9      | Reached XP level 11. HP: 53/87 MP: 19/19
  8117 | D:9      | Reached skill level 9 in Axes
  8117 | D:9      | Reached skill level 5 in Conjurations
  8117 | D:9      | Reached skill level 5 in Hexes
  8117 | D:9      | Reached skill level 5 in Summonings
  8117 | D:9      | Reached skill level 5 in Necromancy
  8117 | D:9      | Reached skill level 5 in Translocations
  8117 | D:9      | Reached skill level 5 in Transmutations
  8117 | D:9      | Reached skill level 5 in Fire Magic
  8117 | D:9      | Reached skill level 5 in Ice Magic
  8117 | D:9      | Reached skill level 5 in Air Magic
  8117 | D:9      | Reached skill level 5 in Earth Magic
  8117 | D:9      | Reached skill level 5 in Poison Magic
  8253 | D:9      | Found a staircase to the Lair.
  8318 | D:9      | Noticed a red ugly thing
  8335 | D:9      | Killed a red ugly thing
  8589 | D:9      | Found a staircase to the Orcish Mines.
  8700 | D:9      | Found Rucet's Distillery.
  8705 | D:9      | Bought a potion of might for 56 gold pieces
  8705 | D:9      | Bought a potion of enlightenment for 70 gold pieces
  8705 | D:9      | Bought a potion of curing for 42 gold pieces
  8963 | D:9      | Found a sacrificial altar of Ru.
  9158 | Lair:1   | Entered Level 1 of the Lair of Beasts
  9369 | Lair:1   | Found a dark tunnel.
  9375 | Volcano  | Entered a volcano
  9564 | Volcano  | Noticed a lindwurm
  9574 | Volcano  | Killed a lindwurm
  9594 | Volcano  | Noticed a lindwurm
  9610 | Volcano  | Killed a lindwurm
  9838 | Volcano  | Noticed a lindwurm
  9854 | Volcano  | Killed a lindwurm
 10079 | Volcano  | Noticed a lindwurm
 10086 | Volcano  | Killed a lindwurm
 10128 | Volcano  | Noticed a fire dragon
 10246 | Volcano  | Killed a fire dragon
 10247 | Volcano  | Reached XP level 12. HP: 78/97 MP: 22/22
 10508 | Lair:1   | Noticed a death yak
 10508 | Lair:1   | Noticed a death yak
 10517 | Lair:1   | Killed a death yak
 10787 | Lair:1   | Killed a death yak
 10827 | Lair:1   | Identified a scroll of acquirement
 10828 | Lair:1   | Acquired a manual of Axes
 11324 | Lair:2   | Reached skill level 10 in Axes
 11470 | Lair:2   | Reached skill level 10 in Fighting
 11700 | Lair:2   | Found a staircase to the Shoals.
 11834 | Lair:2   | Found a snail-covered altar of Cheibriados.
 11881 | Lair:2   | Found a hole to the Spider Nest.
 12261 | Lair:2   | Noticed a death yak
 12261 | Lair:2   | Noticed a death yak
 12261 | Lair:2   | Noticed a death yak
 12261 | Lair:2   | Noticed a death yak
 12271 | Lair:2   | Killed a death yak
 12273 | Lair:2   | Killed a death yak
 12282 | Lair:2   | Killed a death yak
 12285 | Lair:2   | Killed a death yak
 12594 | Lair:2   | Reached XP level 13. HP: 62/104 MP: 23/25
 12772 | Lair:2   | Identified the ring "Geuproal" {rElec rF+ Str+6 Int+5
                  | Dex-3}
 12776 | Lair:2   | You fall into a shaft and drop 2 floors!
 12798 | Lair:4   | Reached skill level 11 in Axes
 14817 | Lair:3   | Reached skill level 10 in Armour
 14817 | Lair:3   | Reached skill level 10 in Dodging
 14883 | Lair:3   | Reached skill level 12 in Axes
 15327 | Lair:3   | Reached XP level 14. HP: 113/113 MP: 25/27
 16115 | Lair:5   | Entered Level 5 of the Lair of Beasts
 16366 | Lair:5   | Reached skill level 10 in Invocations
 16821 | Lair:4   | Reached ***** piety under Trog
 17207 | Lair:5   | HP: 6/169 [poisoned by a death drake (dark miasma)]
 17209 | Lair:5   | HP: 2/169 [poisoned by a death drake (dark miasma)]
 17210 | Lair:5   | Killed from afar by a shock serpent

Illustrated notes

Levels and vault maps discovered:
D:1:      beargit_arrival_diablo_church, layout_basic, minmay_tiny_reverse_x
D:2:      layout_loops_ring, basic_altar, uniq_sigmund
D:3:      layout_loops_cross, mainiacjoe_overflow_six_doors_small,
          minmay_misc_feat_plants, wander_ebering_terrifying_dragon_lair,
          uniq_ijyb, uniq_grinder
D:4:      layout_basic, nicolae_uskayaw_murder_on_the_dancefloor
D:5:      layout_basic, serial_undead, serial_undead_f, serial_undead_d,
          serial_undead_b, serial_undead_a, grunt_ministairs_2,
          hex_intersection, uniq_blork_the_orc
D:6:      layout_basic, grunt_temple_overflow_order_and_chaos_2,
          mainiacjoe_overflow_alcove_1, minmay_temple_entry_large_hall,
          minivault_22, minmay_ruined_shrine
D:7:      layout_loops_ring, kennysheep_vampire_church,
          kennysheep_generic_room_6, uniq_maurice
D:8:      hellmonk_destroyed_diamonds, layout_layer_cave, amcnicky_altar_gilded,
          jmf_multi_god_temple2
D:9:      layout_cave_pools, lemuel_coloured_pillars_altar,
          hellmonk_lair_entry_icy, david_orc_3, serial_shops,
          nicolae_shop_pleasant_corner_grove, serial_ice, serial_ice_g,
          serial_ice_n, serial_ice_a, serial_ice_j, serial_ice_d, serial_ice_m,
          nicolae_fort_ynox
Lair:1:   layout_loops_ring, nicolae_volcano_entry_s_turn
Lair:2:   layout_regular_city, shoals_dummy_entry, dummy_spider_entry,
          basic_altar, serial_bayou_shore_a
Lair:3:   layout_misc_corridors
Lair:4:   layout_cave_pods, minmay_lair_drake_nest
Lair:5:   hellmonk_lair_end_abyssal_woods, layout_gridlike, slime_entry_2,
          infiniplex_staircase_pool_2, grunt_megastairs_4

Skill      XL: |  1  2  3  4  5  6  7  8  9 10 11 12 13 14 |
---------------+-------------------------------------------+-----
Invocations    | 1 2 3 4 5 6 7 8 9 10 | 10.2
Short Blades   | 1 2 3 4 5 7 8 9 |  9.3
Long Blades    | 1 2 3 4 5 7 8 9 |  9.3
Maces & Flails | 1 2 3 4 5 7 8 9 |  9.3
Polearms       | 1 2 3 4 5 7 8 9 |  9.3
Staves         | 1 2 3 4 5 7 8 9 |  9.3
Ranged Weapons | 1 2 3 4 5 7 8 9 |  9.3
Throwing       | 1 2 3 4 5 7 8 9 |  9.3
Stealth        | 1 2 3 4 5 7 8 9 |  9.3
Shields        | 1 2 3 4 5 7 8 9 |  9.3
Unarmed Combat | 1 2 3 4 5 7 8 9 |  9.3
Spellcasting   | 1 2 3 4 5 7 8 9 |  9.3
Conjurations   | 1 2 3 4 5 6 7 |  7.8
Hexes          | 1 2 3 4 5 6 7 |  7.8
Summonings     | 1 2 3 4 5 6 7 |  7.8
Necromancy     | 1 2 3 4 5 6 7 |  7.8
Translocations | 1 2 3 4 5 6 7 |  7.8
Transmutations | 1 2 3 4 5 6 7 |  7.8
Fire Magic     | 1 2 3 4 5 6 7 |  7.8
Ice Magic      | 1 2 3 4 5 6 7 |  7.8
Air Magic      | 1 2 3 4 5 6 7 |  7.8
Earth Magic    | 1 2 3 4 5 6 7 |  7.8
Poison Magic   | 1 2 3 4 5 6 7 |  7.8
Evocations     | 1 2 3 4 5 7 8 9 |  9.3
Shapeshifting  | 1 2 3 4 5 6 7 8 |  8.5
Armour         | 5 6 7 8 9 10 | 10.4
Dodging        | 5 6 7 8 9 10 | 10.4
Fighting       | 7 8 9 10 11 | 11.4
Axes           | 7 8 9 10 12 | 12.7

Action                     |  1- 3 |  4- 6 |  7- 9 | 10-12 | 13-15 || total
---------------------------+-------+-------+-------+-------+-------++-------
  Melee: Hand axe          |    77 |    58 |       |       |       ||   135
         Bite              |     5 |     5 |    40 |    49 |    43 ||   142
         War axe           |       |    19 |   326 |    63 |       ||   408
         Punch             |       |     1 |    13 |     2 |       ||    16
         Battleaxe         |       |       |       |   396 |   345 ||   741
         Great sword       |       |       |       |       |    10 ||    10
  Throw: Dart              |       |     3 |       |    47 |    35 ||    85
         Boomerang         |       |       |       |     4 |    28 ||    32
 Invoke: Berserk           |     1 |     2 |     7 |    12 |    10 ||    32
         Trog's Hand       |       |       |     7 |     8 |     3 ||    18
         Brothers in Arms  |       |       |       |     1 |       ||     1
  Evoke: Wand              |       |       |       |     6 |     2 ||     8
    Use: Potion            |       |     1 |     2 |     2 |       ||     5
         Scroll            |       |       |    14 |     6 |     3 ||    23
   Stab: Sleeping          |       |       |       |     1 |       ||     1
 Armour: Animal skin       |     5 |       |       |       |       ||     5
         Scale mail        |    34 |    33 |    82 |       |       ||   149
         Chain mail        |       |       |   232 |   374 |   381 ||   987
         Plate armour      |       |       |       |   277 |       ||   277
  Dodge: Dodged            |    37 |    47 |   214 |   472 |   288 ||  1058

Table legend: (Time is in decaauts)
 A = Elapsed time spent in this place.
 B = Non-inter-level travel time spent in this place.
 C = Inter-level travel time spent in this place.
 D = Time resting spent in this place.
 E = Time spent auto-exploring this place.
 F = Levels seen in this place.
 G = Mean time per level.
                   A        B        C        D        E       F      G
               +--------+--------+--------+--------+--------+-----+--------+
         Total |  17640 |  17032 |    608 |   2504 |  11192 |  15 | 1176.0 |
       Dungeon |   9381 |   9017 |    364 |    491 |   6850 |   9 | 1042.3 |
          Lair |   7169 |   6925 |    244 |   1551 |   3999 |   5 | 1433.8 |
       Volcano |   1089 |   1089 |      0 |    462 |    343 |   1 | 1089.0 |
               +--------+--------+--------+--------+--------+-----+--------+

Top non-repeatable levels by time:
  Lair:4: 2907 daAuts
     D:8: 2042 daAuts
  Lair:2: 1655 daAuts
  Lair:1: 1376 daAuts
     D:9: 1330 daAuts
     D:7: 1270 daAuts
 Volcano: 1089 daAuts
  Lair:3: 1022 daAuts
     D:5: 865 daAuts
     D:3: 837 daAuts
     D:4: 798 daAuts
     D:2: 758 daAuts
     D:1: 745 daAuts
     D:6: 733 daAuts
  Lair:5: 206 daAuts
